 Dungeon Crawl Stone Soup version 0.29-a0-1009-g60c99734e7 (webtiles) character file.

Game seed: 11451790006363034343

34681 voltaire321 the Fighter (level 13, 0/93 HPs)
             Began as a Demonspawn Venom Mage on Aug 8, 2022.
             Was the Champion of Hepliaklqana.
             Succumbed to Nessos's poison
             ... on level 4 of the Lair of Beasts.
             The game lasted 01:32:40 (18725 turns).

voltaire321 the Fighter (Demonspawn Venom Mage)    Turns: 18725, Time: 01:32:40

Health: 0/93       AC:  8    Str:  8    XL:     13   Next: 43%
Magic:  23/24      EV: 21    Int: 19    God:    Hepliaklqana [******]
Gold:   991        SH:  5    Dex: 15    Spells: 13/26 levels left

rFire   + . .      SeeInvis .   a - +4 dagger (elec)
rCold   . . .      Faith    .   z - +0 buckler
rNeg    . . .      Spirit   .   l - +2 robe "Dabby" {rElec rF+ Int-2 Archmagi}
rPois   .          Reflect  .   (no helmet)
rElec   +          Harm     .   (no cloak)
rCorr   .          Rampage  .   D - +0 pair of gloves
Will    +....      Archmagi +   (no boots)
Stlth   ++........              J - amulet of regeneration
HPRegen 1.05/turn               g - ring of willpower
MPRegen 0.19/turn               j - +4 ring of evasion

@: lethally poisoned (0 -> -12), about to teleport
A: reduced essence, hooves 2, molten scales 2, icemail 1, condensation shield,
demonic magic 2
a: Renounce Religion, Recall Ancestor, Ancestor Identity, Transference, Idealise


You were on level 4 of the Lair of Beasts.
You worshipped Hepliaklqana.
Hepliaklqana was exalted by your worship.
You visited 4 branches of the dungeon, and saw 18 of its levels.

You collected 991 gold pieces.

Inventory:

Hand Weapons
 a - a +4 dagger of electrocution (weapon)
 b - the +4 arbalest "Vuom" {elec, rF+ rC+}
   (You found it on level 9 of the Dungeon)

   Any ammunition fired from it occasionally discharges a powerful burst of
   electricity upon striking a foe.
   rF:        It protects you from fire.
   rC:        It protects you from cold.
Missiles
 o - a throwing net
 q - 7 curare-tipped darts
Armour
 l - the +2 robe "Dabby" (worn) {rElec rF+ Int-2 Archmagi}
   (You found it on level 2 of the Dungeon)

   Int:       It affects your intelligence (-2).
   rF:        It protects you from fire.
   rElec:     It insulates you from electricity.
   Archmagi:  It increases the power of your magical spells.
 y - a +2 robe of cold resistance
 z - a +0 buckler (worn)
 C - a scarf of shadows
 D - a +0 pair of gloves (worn)
Magical Staves
 G - a staff of poison
Jewellery
 g - a ring of willpower (left hand)
 j - a +4 ring of evasion (right hand)
 s - a +6 ring of dexterity
 t - a ring of protection from fire
 A - a ring of protection from cold
 J - an amulet of regeneration (around neck)
 M - a ring of positive energy
Wands
 e - a wand of mindburst (32)
 F - a wand of flame (4)
 H - a wand of polymorph (5)
 L - a wand of roots (6)
 N - a wand of charming (8)
 O - a wand of acid (4)
Scrolls
 c - 3 scrolls of poison
 d - 5 scrolls of teleportation
 h - 4 scrolls of blinking
 m - 8 scrolls of identify
 r - 2 scrolls of immolation
 u - a scroll of enchant armour
 B - a scroll of magic mapping
 K - 2 scrolls of enchant weapon
 Q - a scroll of amnesia
 R - a scroll of fear
Potions
 f - 4 potions of might
 i - 4 potions of ambrosia
 k - 9 potions of curing
 n - 2 potions of berserk rage
 p - 2 potions of lignification
 v - 3 potions of magic
 w - a potion of invisibility
 x - 2 potions of haste
 E - a potion of brilliance
 I - a potion of heal wounds
 P - a potion of flight {unknown}


   Skills:
 + Level 10.7 Fighting
 - Level 5.0 Ranged Weapons
 + Level 10.1 Dodging
 - Level 1.7 Stealth
 + Level 3.7 Shields
 + Level 7.4 Spellcasting
 - Level 4.0 Conjurations
 + Level 5.9 Necromancy
 - Level 2.0 Transmutations
 - Level 2.0 Air Magic
 + Level 10.4 Poison Magic
 - Level 10.0 Invocations


You had 13 spell levels left.
You knew the following spells:

 Your Spells              Type           Power      Damage    Failure   Level
a - Sting                 Tmut/Pois      100%       1d8       1%          1
b - Poisonous Vapours     Pois/Air       90%        N/A       1%          2
c - Olgreb's Toxic Radia  Pois           63%        N/A       1%          4
d - Searing Ray           Conj           66%        2d6       3%          2
e - Necrotise             Necr           100%       1d9       1%          1
f - Vampiric Draining     Necr           44%        2d9       3%          3

Your spell library contained the following spells:

 Spells                   Type           Power      Damage    Failure   Level
 Sublimation of Blood     Necr           44%        N/A       1%          2
 Magic Dart               Conj           100%       1d8       2%          1
 Mephitic Cloud           Conj/Pois/Air  41%        N/A       4%          3
 Beastly Appendage        Tmut           42%        N/A       5%          1
 Static Discharge         Conj/Air       27%        3-7/arc   5%          2
 Dispel Undead            Necr           44%        3d17      11%         4
 Sandblast                Erth           20%        2d7       13%         1
 Slow                     Hex            40%        N/A       13%         1
 Passwall                 Tmut/Erth      13%        N/A       13%         2
 Stone Arrow              Conj/Erth      42%        3d9       17%         3
 Confusing Touch          Hex            10%        N/A       36%         3
 Ozocubu's Armour         Ice            10%        N/A       36%         3
 Fulminant Prism          Conj/Hex       10%        3d9       50%         4
 Sticky Flame             Conj/Fire      21%        2d4       50%         4
 Petrify                  Tmut/Erth      16%        N/A       63%         4
 Irradiate                Conj/Tmut      13%        3d16      71%         5
 Animate Armour           Summ/Erth      20%        N/A       77%         4
 Blade Hands              Tmut           10%        N/A       83%         5
 Metabolic Englaciation   Hex/Ice        5%         N/A       98%         5
 Simulacrum               Ice/Necr       13%        N/A       99%         6
 Iron Shot                Conj/Erth      10%        9d3       100%        6
 Dragon Form              Tmut           10%        N/A       100%        7


Dungeon Overview and Level Annotations

Branches:
Dungeon (11/15)            Temple (1/1) D:4            Lair (5/5) D:11
  Swamp (0/4) Lair:2       Spider (0/4) Lair:2          Orc (1/2) D:10
  Slime: Lair:4-5

Altars:
Ashenzari
Cheibriados
Dithmenos
Fedhas
Gozag
Hepliaklqana
Kikubaaqudgha
Makhleb
Nemelex Xobeh
Okawaru
Qazlal
Ru
Sif Muna
Trog
Uskayaw
Vehumet
Wu Jian
Xom
Yredelemnul

Shops:
D:3 (   D:8 *:   D:9 *

Annotations:
D:2 Robin
D:3 Grinder
Lair:4 Nessos


Innate Abilities, Weirdness & Mutations

Your life essence is reduced to manifest your ancestor. (-10% HP)
You have hoof-like feet.
You are mostly covered in molten scales. (AC +3)
A meltable icy envelope protects you from harm. (AC +0)
A meltable shield of frost defends you. (SH +0)
Spells you cast may paralyse nearby enemies.


Message History

The blink frog attacks as you move away!
The blink frog completely misses you.
The blink frog attacks as you move away!
The blink frog hits you!
Nessos shoots an arrow.
The arrow hits you!
Your icy defenses dissipate!
The arrow burns you.
You are poisoned.
Kateb hits the cane toad but does no damage.
Kateb drains the cane toad.
The blink frog hits you!
You feel very sick.
Nessos shoots an arrow.
The arrow closely misses you.
The blink frog completely misses you. x2
The blink frog attacks as you move away!
The blink frog hits you.
You feel sick.
The blink frog blinks! x3
The blink frog barely misses you.
There is a stone staircase leading up here.
You feel sick.
Nessos unwields a +2 longbow of flaming.
It stops flaming.
Nessos hits you.
* * * LOW HITPOINT WARNING * * *
Nessos kicks you but does no damage. You block Nessos's attack. x2
The blink frog closely misses you.
You climb upwards.
You feel sick.
There is a stone staircase leading down here.
Blink to where?
Press: ? - help, Dir - move target
As you read the scroll of blinking, it crumbles to dust.
You feel sick.
As you read the scroll of teleportation, it crumbles to dust.
You feel strangely unstable.
You feel sick.
Nessos wields a +2 longbow of flaming.
It bursts into flame!
Nessos shoots an arrow.
The arrow hits you!
* * * LOW HITPOINT WARNING * * *
The arrow burns you.
You are lethally poisoned!
* * * LOW HITPOINT WARNING * * *
* * * LOW HITPOINT WARNING * * *
You feel very sick.
The blink frog looks more healthy.
You die...

#.###>..####.....##
#.P##...#.#.......#
##..................
#...c####...#..##.#.
#P.F## ##....#######
#...# ##.....#
##.####.....########
#P.P#.##......#.....
##.P@.........รท......
#.#..................
###...###....##......
#...# ######...P##.
#.[## ###.#### #<..#
#..# # #...# #(.# #
#..### ##.#### #....#
##P.# #.


There were no monsters in sight!

Vanquished Creatures
  2 hydras (Lair:2)
  A boulder beetle (D:11)
  A centaur warrior (D:11)
  5 two-headed ogres
  A deep elf pyromancer (D:11)
  Pikel (D:7)
  An ugly thing (D:11)
  3 elephants (Lair:3)
  A black mamba (Lair:2)
  2 cane toads
  Maggie (D:8)
  4 komodo dragons (Lair:1)
  A polar bear (Lair:4)
  2 hornets
  2 trolls (D:11)
  9 blink frogs (Lair:2)
  A culicivora (Lair:2)
  A wraith (D:10)
  26 yaks
  2 steam dragons
  A vampire mosquito (D:11)
  2 swamp worms (Lair:2)
  6 water moccasins
  3 orc warriors
  3 black bears (Lair:1)
  2 ice beasts (D:5)
  An ogre (D:5)
  6 wolves
  5 centaurs
  2 phantoms
  A kobold brigand (D:11)
  A gnoll sergeant (D:11)
  6 bullfrogs
  A scorpion (D:6)
  3 necrophages
  4 wights (D:10)
  4 jellies
  A vampire bat (D:4)
  4 howler monkeys
  5 hounds
  5 orc priests
  A hexer (D:11)
  9 orc wizards
  5 iguanas
  3 hell rats (Lair:4)
  12 gnolls
  8 adders
  2 ufetubi (D:5)
  3 dart slugs
  27 orcs
  15 ball pythons
  6 endoplasms
  4 giant cockroaches
  15 goblins
  2 hobgoblins
  4 jackals
  3 quokkas
  9 bats
  4 frilled lizards
  5 kobolds
  6 rats (D:1)
  A butterfly (Lair:1)
277 creatures vanquished.

Vanquished Creatures (collateral kills)
  2 hydras
  Amaemon (D:8)
  A manticore (D:11)
  A black mamba (Lair:2)
  An orange demon (D:8)
  2 elephants (Lair:3)
  5 cane toads
  3 komodo dragons
  A polar bear (Lair:3)
  A wind drake (shapeshifter) (D:11)
  Prince Ribbit (D:8)
  4 blink frogs (Lair:2)
  2 shadows
  3 wyverns
  14 yaks
  3 basilisks
  A steam dragon (D:7)
  A vampire mosquito (D:11)
  A warg (D:10)
  2 swamp worms (Lair:2)
  An acid dragon (D:9)
  4 water moccasins
  3 orc warriors
  A black bear (Lair:2)
  8 wolves
  4 lemures (D:7)
  2 gnoll sergeants (D:8)
  A wight (D:10)
  2 howler monkeys (D:9)
  2 gnoll boudas (D:9)
  An orc priest (D:5)
  A jelly (D:6)
  4 orc wizards
  3 hell rats (Lair:4)
  6 gnolls
  5 orcs
  A kobold (D:11)
99 creatures vanquished.

Vanquished Creatures (others)
  11 hexers
  An ancestor (D:5)
  16 fungi
  25 plants
53 creatures vanquished.

Grand Total: 429 creatures vanquished

Notes
Turn   | Place    | Note
-------+----------+-------------------------------------------
     0 | D:1      | voltaire321 the Demonspawn Venom Mage began the quest for
                  | the Orb.
     0 | D:1      | Reached XP level 1. HP: 13/13 MP: 3/3
   123 | D:1      | Reached skill level 1 in Transmutations
   416 | D:1      | Gained mutation: A meltable shield of frost defends you.
                  | (SH +0) [demonic ancestry]
   416 | D:1      | Reached XP level 2. HP: 20/20 MP: 3/5
   626 | D:1      | Learned a level 2 spell: Poisonous Vapours
   966 | D:1      | Reached skill level 1 in Fighting
  1245 | D:1      | Reached XP level 3. HP: 26/26 MP: 0/6
  1777 | D:2      | Identified the +2 robe "Dabby" {rElec rF+ Int-2 Archmagi}
  2000 | D:2      | Noticed Robin
  2368 | D:2      | Found a faded altar of an unknown god.
  2382 | D:2      | Gained mutation: You are partially covered in molten
                  | scales. (AC +2) [demonic ancestry]
  2382 | D:2      | Reached XP level 4. HP: 20/32 MP: 1/7
  2695 | D:2      | Reached skill level 1 in Air Magic
  2785 | D:3      | Found a faded altar of an unknown god.
  2790 | D:3      | Found a snail-covered altar of Cheibriados.
  2823 | D:3      | Noticed a phantom
  2843 | D:3      | Killed a phantom
  2844 | D:3      | Gained mutation: You have large cloven feet. [demonic
                  | ancestry]
  2844 | D:3      | Reached XP level 5. HP: 36/38 MP: 5/9
  3010 | D:3      | Found a hide-covered altar of Uskayaw.
  3283 | D:3      | Noticed Grinder
  3381 | D:3      | Found Wueqaisuko's Antique Weapon Shoppe.
  3652 | D:4      | Found a staircase to the Ecumenical Temple.
  3665 | D:4      | Reached XP level 6. HP: 44/44 MP: 7/10
  3667 | Temple   | Entered the Ecumenical Temple
  4157 | Temple   | Became a worshipper of Hepliaklqana the Forgotten
  4347 | D:4      | Reached skill level 1 in Invocations
  5150 | D:5      | Entered Level 5 of the Dungeon
  5150 | D:5      | Noticed an ice beast
  5158 | D:4      | Learned a level 4 spell: Olgreb's Toxic Radiance
  5421 | D:5      | Gained mutation: Spells you cast may paralyse adjacent
                  | enemies. [demonic ancestry]
  5421 | D:5      | Reached XP level 7. HP: 44/51 MP: 12/12
  5459 | D:5      | Reached * piety under Hepliaklqana
  5984 | D:5      | Reached skill level 5 in Poison Magic
  5984 | D:5      | Gained mutation: You have hoof-like feet. [demonic
                  | ancestry]
  5984 | D:5      | Reached XP level 8. HP: 54/54 MP: 10/14
  6689 | D:6      | Identified the +5 whip of the Jumping Soothsayer {vorpal,
                  | Str+5}
  6913 | D:6      | Reached skill level 5 in Invocations
  7351 | D:6      | Reached ** piety under Hepliaklqana
  7352 | D:6      | Remembered your ancestor Kateb as a hexer
  7499 | D:7      | Noticed Pikel
  7626 | D:7      | Found an ornate altar of the Wu Jian Council.
  7695 | D:7      | Noticed a hornet
  7703 | D:7      | Killed a hornet
  7704 | D:7      | Reached skill level 5 in Spellcasting
  7904 | D:7      | Reached XP level 9. HP: 56/60 MP: 16/16
  7956 | D:7      | Reached skill level 5 in Dodging
  7967 | D:7      | Reached skill level 5 in Fighting
  8348 | D:7      | Killed Pikel
  8446 | D:8      | Noticed Amaemon
  8446 | D:8      | Noticed an orange demon
  8459 | D:8      | Found a stormy altar of Qazlal.
  8475 | D:8      | Noticed Prince Ribbit
  8488 | D:8      | Killed Prince Ribbit
  8625 | D:8      | Killed an orange demon
  8628 | D:8      | Killed Amaemon
  8629 | D:8      | Reached XP level 10. HP: 68/68 MP: 6/19
  8776 | D:8      | Reached *** piety under Hepliaklqana
  8802 | D:8      | Found an opulent altar of Gozag.
  9003 | D:8      | Found Latuluf's Book Shoppe.
  9014 | D:8      | Learned a level 2 spell: Searing Ray
  9087 | D:8      | Found Curue's General Store.
  9359 | D:8      | Noticed Maggie
  9381 | D:8      | Killed Maggie
  9737 | D:9      | Noticed a two-headed ogre
  9750 | D:9      | Killed a two-headed ogre
  9751 | D:9      | Reached skill level 1 in Conjurations
 10283 | D:9      | Found Cateliel's Demolitions Depot.
 10308 | D:9      | Found a shadowy altar of Dithmenos.
 10468 | D:9      | Found a sacrificial altar of Ru.
 10588 | D:9      | Identified the +4 arbalest "Vuom" {elec, rF+ rC+}
 10648 | D:9      | Noticed a two-headed ogre
 10653 | D:9      | Killed a two-headed ogre
 10683 | D:9      | Reached **** piety under Hepliaklqana
 10797 | D:10     | Entered Level 10 of the Dungeon
 11146 | D:10     | Gained mutation: Spells you cast may paralyse nearby
                  | enemies. [demonic ancestry]
 11146 | D:10     | Reached XP level 11. HP: 75/75 MP: 14/20
 11553 | D:10     | Found a radiant altar of Vehumet.
 11617 | D:10     | Found a staircase to the Orcish Mines.
 11924 | Orc:1    | Entered Level 1 of the Orcish Mines
 11924 | Orc:1    | Noticed an orc knight
 12108 | D:11     | Noticed a brown ugly thing
 12320 | D:11     | Reached skill level 1 in Ranged Weapons
 12320 | D:11     | Reached skill level 10 in Invocations
 12323 | D:11     | Noticed a two-headed ogre
 12323 | D:11     | Noticed a deep elf pyromancer
 12331 | D:11     | Killed a deep elf pyromancer
 12337 | D:11     | Killed a two-headed ogre
 12344 | D:11     | Noticed a boulder beetle
 12633 | D:11     | Killed a brown ugly thing
 12735 | D:11     | Found a staircase to the Lair.
 12846 | D:11     | Noticed a two-headed ogre
 12861 | D:11     | Killed a two-headed ogre
 12932 | D:11     | Noticed a centaur warrior
 13315 | D:11     | Noticed a two-headed ogre
 13324 | D:11     | Killed a two-headed ogre
 13571 | D:11     | Killed a centaur warrior
 13861 | D:11     | Found a hazy altar of Hepliaklqana.
 13865 | D:11     | Found a shimmering altar of Xom.
 13866 | D:11     | Found a broken altar of Ashenzari.
 13867 | D:11     | Found a hide-covered altar of Uskayaw.
 13872 | D:11     | Noticed a four-headed hydra
 13878 | D:11     | Killed a four-headed hydra
 13879 | D:11     | Gained mutation: A meltable icy envelope protects you from
                  | harm. (AC +0) [demonic ancestry]
 13879 | D:11     | Reached XP level 12. HP: 37/85 MP: 21/21
 13947 | D:11     | Killed a boulder beetle
 14129 | D:11     | Got First Steps in Rites and Rhymes
 14137 | D:11     | Learned a level 1 spell: Necrotise
 14324 | D:11     | Learned a level 3 spell: Vampiric Draining
 14325 | Lair:1   | Entered Level 1 of the Lair of Beasts
 14449 | Lair:1   | Reached skill level 1 in Necromancy
 14456 | Lair:1   | Reached ***** piety under Hepliaklqana
 14631 | Lair:1   | Reached skill level 10 in Poison Magic
 15630 | Lair:2   | Reached skill level 5 in Ranged Weapons
 15784 | Lair:2   | Reached skill level 10 in Fighting
 15817 | Lair:2   | Noticed a seven-headed hydra
 15828 | Lair:2   | Killed a seven-headed hydra
 15829 | Lair:2   | Reached skill level 1 in Shields
 15965 | Lair:2   | Noticed a five-headed hydra
 15979 | Lair:2   | Killed a five-headed hydra
 16055 | Lair:2   | Found a staircase to the Swamp.
 16126 | Lair:2   | Noticed a six-headed hydra
 16141 | Lair:2   | Killed a six-headed hydra
 16150 | Lair:2   | Gained mutation: You are mostly covered in molten scales.
                  | (AC +3) [demonic ancestry]
 16150 | Lair:2   | Reached XP level 13. HP: 47/93 MP: 3/23
 16160 | Lair:2   | Reached skill level 5 in Necromancy
 16657 | Lair:2   | Found a hole to the Spider Nest.
 17334 | Lair:3   | Reached skill level 10 in Dodging
 18120 | Lair:4   | Reached ****** piety under Hepliaklqana
 18705 | Lair:5   | Entered Level 5 of the Lair of Beasts
 18705 | Lair:5   | Found a burning altar of Makhleb.
 18711 | Lair:5   | Noticed Nessos
 18724 | Lair:4   | HP: 3/93 [poisoned by Nessos]
 18725 | Lair:4   | Succumbed to Nessos's poison

Illustrated notes

Levels and vault maps discovered:
D:1:      saegor_arrival_simple_a, layout_loops_corners
D:2:      layout_basic, nicolae_ecumenical_snake_handling,
          nicolae_concentric_dashed_squares_wild, nicolae_figureground_sparkle,
          uniq_robin
D:3:      layout_rooms, nicolae_overflow_ecumenical_swirl,
          amcnicky_altar_gilded, serial_shops, nicolae_shop_stone,
          minmay_misc_feat_four_crosses, uniq_grinder
D:4:      layout_loops_ring, minmay_temple_entry_mini_moons, roderic_batcave
D:5:      layout_basic, cheibrodos_gnoll_hut
D:6:      layout_basic, st_stairs_8, small_statue_intersection
D:7:      layout_gridville, nicolae_wu_jian_immortal_techniques, uniq_pikel
D:8:      layout_basic, mainiacjoe_overflow_chevrons,
          nicolae_gozag_cash_rules_everything_around_me, serial_shops,
          kennysheep_mini_moat, shop_fountains, uniq_maggie,
          uniq_prince_ribbit1, uniq_amaemon
D:9:      layout_irregular_city, nicolae_ru_the_path_less_chosen,
          lemuel_round_altar, nicolae_blasting_shop, eino_tiny_chamber,
          grunt_ministairs_8
D:10:     layout_roguey, mainiacjoe_overflow_six_doors_small, david_orc_1_choice
D:11:     minmay_the_grid_octo_tiled_squarecenter_mashed
          [minmay_the_grid_octo_empty, minmay_the_grid_octo_empty,
          minmay_the_grid_octo_shrine, minmay_the_grid_octo_chip,
          minmay_the_grid_square_5x5_megaprize_checkered,
          minmay_the_grid_square_5x5_forky, minmay_the_grid_square_5x5_inner_z,
          minmay_the_grid_square_5x5_one_wall,
          minmay_the_grid_square_5x5_half_checkered], layout_stronghold,
          lair_entry_dummy
Temple:   minmay_temple_curvy_branch
Lair:1:   layout_concentric_octagons, beast_lair_carwin_8, lemuel_fruit_tree,
          serial_bayou_shore_b, lemuel_fruit_fields, infiniplex_staircase_pool_2
Lair:2:   layout_cave_pods, palyth_hydra_swamp_entry, spider_nest_entry_rubble
Lair:3:   layout_loops_ring
Lair:4:   layout_small_grid
Lair:5:   evilmike_catoblepas_cave, layout_long_grid, dpeg_slime_entry_enclosed,
          basic_altar, uniq_nessos
Orc:1:    layout_caves

Skill      XL: |  1  2  3  4  5  6  7  8  9 10 11 12 13 |
---------------+----------------------------------------+-----
Transmutations | 1 2 |  2.0
Dodging        | 2 3 4 6 7 8 9 10 | 10.1
Fighting       | 1 2 3 4 6 7 9 10 | 10.7
Air Magic      | 1 2 |  2.0
Spellcasting   | 3 4 5 6 7 |  7.4
Poison Magic   | 4 5 7 8 9 10 | 10.4
Invocations    | 2 3 5 7 9 10 | 10.0
Conjurations   | 3 4 |  4.0
Ranged Weapons | 3 5 |  5.0
Necromancy     | 4 5 |  5.9
Shields        | 2 3 |  3.7
Stealth        | |  1.7

Action                   |  1- 3 |  4- 6 |  7- 9 | 10-12 | 13-15 || total
-------------------------+-------+-------+-------+-------+-------++-------
Melee: Unarmed           |    26 |       |       |       |       ||    26
       Dagger            |     5 |    97 |   130 |   145 |   106 ||   483
       Kick              |       |    20 |    40 |    63 |    45 ||   168
       Punch             |       |       |     1 |     4 |       ||     5
 Fire: Arbalest          |       |       |       |   219 |       ||   219
 Cast: Sting             |    63 |    61 |    28 |    13 |     1 ||   166
       Poisonous Vapours |       |     1 |    31 |    13 |     4 ||    49
       Olgreb's Toxic Ra |       |       |       |    38 |    15 ||    53
       Searing Ray       |       |       |       |    14 |     1 ||    15
       Necrotise         |       |       |       |     9 |       ||     9
Invok: Ancestor Life: He |       |       |     1 |       |       ||     1
       Recall Ancestor   |       |       |       |     1 |       ||     1
  Use: Scroll            |       |     9 |     4 |    14 |     2 ||    29
       Potion            |       |       |       |     1 |       ||     1
 Stab: Distracted        |       |     1 |     2 |     6 |     2 ||    11
       Paralysed         |       |       |     6 |    10 |     7 ||    23
       Sleeping          |       |       |     1 |       |       ||     1
       Confused          |       |       |     2 |     2 |     4 ||     8
Armor: Robe              |    15 |    42 |    32 |    42 |    19 ||   150
Dodge: Dodged            |    62 |    51 |    83 |   220 |    64 ||   480
Block: Other             |     8 |    26 |    11 |    22 |       ||    67
       Buckler           |       |       |       |    25 |    42 ||    67

Table legend: (Time is in decaauts)
 A = Elapsed time spent in this place.
 B = Non-inter-level travel time spent in this place.
 C = Inter-level travel time spent in this place.
 D = Time resting spent in this place.
 E = Time spent auto-exploring this place.
 F = Levels seen in this place.
 G = Mean time per level.
                   A        B        C        D        E       F      G
               +--------+--------+--------+--------+--------+-----+--------+
         Total |  18897 |  18195 |    702 |   4263 |   9479 |  18 | 1049.8 |
       Dungeon |  13893 |  13395 |    498 |   3840 |   6320 |  11 | 1263.0 |
        Temple |    513 |    367 |    146 |      0 |    264 |   1 |  513.0 |
          Lair |   4481 |   4423 |     58 |    423 |   2895 |   5 |  896.2 |
  Orcish Mines |      7 |      7 |      0 |      0 |      0 |   1 |    7.0 |
               +--------+--------+--------+--------+--------+-----+--------+

Top non-repeatable levels by time:
    D:11: 2267 daAuts
     D:1: 1766 daAuts
  Lair:2: 1582 daAuts
    D:10: 1339 daAuts
     D:5: 1278 daAuts
     D:8: 1221 daAuts
  Lair:1: 1152 daAuts
     D:9: 1129 daAuts
     D:4: 1118 daAuts
     D:6: 1063 daAuts
     D:2: 989 daAuts
  Lair:3: 918 daAuts
     D:7: 913 daAuts
  Lair:4: 811 daAuts
     D:3: 806 daAuts
